 Dungeon Crawl Stone Soup version 0.28.0-47-ge53b351184 (webtiles) character file.

Game seed: 16179993539893466203

159 safid the Chopper (level 5, -8/46 HPs)
             Began as a Hill Orc Fighter on May 3, 2022.
             Was an Initiate of Beogh.
             Mangled by an orc priest
             ... wielding a +0 flail
              (9 damage)
             ... on level 4 of the Dungeon.
             The game lasted 00:04:01 (3299 turns).

safid the Chopper (Hill Orc Fighter)                Turns: 3299, Time: 00:04:01

Health: -8/46      AC:  8    Str: 20 (21) XL:     5   Next: 40%
Magic:  5/5        EV:  9    Int:  5 (8)  God:    Beogh [......]
Gold:   78         SH:  4    Dex:  8 (10) Spells: 4/4 levels left

rFire   . . .      SeeInvis .   a - +0 war axe
rCold   . . .      Faith    .   c - +0 buckler
rNeg    . . .      Spirit   .   b - +0 scale mail
rPois   .          Reflect  .   (no helmet)
rElec   .          Harm     .   (no cloak)
rCorr   .          Rampage  .   (no gloves)
Will    .....                   o - +0 pair of boots
Stlth   ..........              (no amulet)
HPRegen 0.15/turn               (no ring)
MPRegen 0.09/turn               (no ring)

@: lethally poisoned (-8 -> -26)
A: no striking features
a: Renounce Religion


You were on level 4 of the Dungeon.
You worshipped Beogh.
Beogh was noncommittal.
You visited 1 branch of the dungeon, and saw 4 of its levels.

You collected 78 gold pieces.

Inventory:

Hand Weapons
 a - a +0 war axe (weapon)
Armour
 b - a +0 scale mail (worn)
 c - a +0 buckler (worn)
 o - a +0 pair of boots (worn)
Wands
 m - a wand of digging (8)
Scrolls
 e - 2 scrolls of blinking {unknown}
 g - a scroll of teleportation {unknown}
 j - a scroll of summoning {unknown}
 k - a scroll of vulnerability {unknown}
 l - 3 scrolls of amnesia {unknown}
 n - a scroll of identify {unknown}
Potions
 d - a potion of might
 f - 2 potions of attraction {unknown}
 h - a potion of degeneration
 i - 2 potions of lignification {unknown}
 p - 2 potions of curing {unknown}


   Skills:
 - Level 4.0 Fighting
 + Level 5.8 Axes
 - Level 4.0 Armour
 - Level 4.0 Shields


You had 4 spell levels left.
You didn't know any spells.
Your spell library contained the following spells:

 Spells                   Type           Power      Damage    Failure   Level
 Animate Skeleton         Necr           0%         N/A       89%         1
 Pain                     Necr           0%         1d4       89%         1
 Vampiric Draining        Necr           0%         2d6       99%         3


Dungeon Overview and Level Annotations

Branches:
Dungeon (4/15)
 Temple: D:4-7

Altars:
Elyvilon
Makhleb


Message History

The orc is lightly wounded.
You closely miss the orc. You miss something.
Something hits you but does no damage. The orc hits you but does no damage.
The orc closely misses you.
Unknown command.
You hit the orc but do no damage.
The orc is lightly wounded.
You slash the orc!
You kill the orc!
Beogh accepts your kill.
You closely miss something.
You hear some strange, mumbled words.
A puff of flame appears from out of thin air!
The puff of flame hits you. The orc hits you with a +0 dagger.
* * * LOW HITPOINT WARNING * * *
You slash the orc!
You kill the orc!
Beogh accepts your kill.
You completely miss something. Something hits you.
* * * LOW HITPOINT WARNING * * *
You are lethally poisoned!
Unknown command.
You closely miss the orc priest. You completely miss something.
* * * LOW HITPOINT WARNING * * *
You feel very sick.
The orc priest hits you but does no damage.
Something hits you but does no damage.
You are more poisoned.
Unknown command.
It was a potion of degeneration.
There was something very wrong with that liquid.
You feel weakened.
You feel dopey.
You feel clumsy.
* * * LOW HITPOINT WARNING * * *
You feel very sick. Something hits you.
* * * LOW HITPOINT WARNING * * *
You are more poisoned.
The orc priest hits you with a +0 flail!
You die...
Beogh appreciates the orc priest's killing of a heretic priest.

#.......#.≈≈≈.......
#.......#.≈≈≈≈≈.....
#.......#.≈≈≈)≈.....
##'#..###≈≈≈≈≈≈.....
#.##.###.≈≈≈.......
#.##.##..≈≈≈..?....
#####
#.##.....≈≈≈≈.##...
#≈≈≈≈ #.##)o##≈≈≈.≈.#
..
#≈≈≈≈##.##)@...≈≈≈≈.# .
+≈≈≈≈'..###..#≈≈≈≈≈.#
#≈≈≈≈#..##.....≈.≈≈##
###≈≈≈≈##.##.#.#.≈≈≈≈≈#
#.######..##.
..≈≈≈≈≈≈≈#
#.........##.
#...≈≈≈≈≈≈
#.........##. ....≈≈
#.........##. #..###
#.........##. ..[


You could see an orc priest.

Vanquished Creatures
  An orc priest (D:3)
  7 adders
  2 dart slugs
  9 orcs
  4 ball pythons (D:2)
  5 endoplasms (D:2)
  3 goblins
  5 hobgoblins
  2 jackals (D:1)
  3 quokkas
  5 bats
  4 frilled lizards
  4 kobolds
  3 rats
57 creatures vanquished.

Notes
Turn   | Place    | Note
-------+----------+-------------------------------------------
     0 | D:1      | safid the Hill Orc Fighter began the quest for the Orb.
     0 | D:1      | Reached XP level 1. HP: 19/19 MP: 1/1
   288 | D:1      | Reached XP level 2. HP: 27/27 MP: 2/2
   291 | D:1      | Reached skill level 3 in Axes
   812 | D:2      | Reached XP level 3. HP: 17/33 MP: 3/3
  1783 | D:2      | Reached XP level 4. HP: 40/40 MP: 4/4
  1878 | D:3      | Reached skill level 4 in Axes
  2131 | D:3      | Found a burning altar of Makhleb.
  2169 | D:3      | Found a white marble altar of Elyvilon.
  2361 | D:3      | Became a worshipper of Beogh the Brigand
  2386 | D:3      | Reached skill level 5 in Axes
  2386 | D:3      | Reached XP level 5. HP: 13/46 MP: 5/5
  3299 | D:4      | HP: 1/46 [something (2)]
  3299 | D:4      | Mangled by an orc priest

Illustrated notes

Levels and vault maps discovered:
D:1:      shiori_shiawase, layout_loops_ring
D:2:      layout_loops_corners, kennysheep_generic_room_6
D:3:      layout_loops_corners, mainiacjoe_overflow_catwalk,
          lightli_temple_of_fire
D:4:      layout_basic, serial_rivers, chequers_serial_rivers_room_b,
          chequers_serial_rivers_large_a, chequers_serial_rivers_micro_a,
          chequers_serial_rivers_room_b

Skill      XL: |  1  2  3  4 |
---------------+-------------+-----
Axes           | 3 5 |  5.8
Fighting       | 4 |  4.0
Shields        | 4 |  4.0
Armour         | 4 |  4.0

Action                   |  1- 3 |  4- 6 || total
-------------------------+-------+-------++-------
Melee: War axe           |    78 |    69 ||   147
Invok: Convert to Beogh  |       |     1 ||     1
  Use: Potion            |       |     1 ||     1
Armor: Scale mail        |    44 |    29 ||    73
Dodge: Dodged            |    31 |    33 ||    64
Block: Buckler           |    16 |    11 ||    27
